Oilers vs Hurricanes

Created - 25 novembre 2017 at 20:32

Goals
1 2 3 OT1 SO T
Oilers 1 1 0 0 0 2
Hurricanes 2 0 0 0 1 3
Shots
1 2 3 OT1 SO T
Oilers 10 11 6 4 3 31
Hurricanes 12 13 5 2 2 32

1st period

1. Hurricanes , Bryan Little 11 (Dustin Byfuglien 14, Keith Yandle 10) at 2:21
2. Hurricanes , Brett Pesce 2 (Brian Dumoulin 3, Zach Parise 9) at 2:51
3. Oilers , Michael Grabner 8 (Aleksander Barkov 12) at 9:58

Penalties :
Brett Ritchie (EDM) for Slashing (Minor) at 6:51, Alex Petrovic (EDM) for Hooking (Minor) at 18:30

2nd period

4. Oilers , Marc-Edouard Vlasic 3 (Ryan Johansen 16, Artem Anisimov 11) at 16:44 (PP)

Penalties :
Justin Williams (EDM) for Roughing (Minor) at 8:02, Dustin Byfuglien (CAR) for Holding (Minor) at 15:21

3rd period

No Goal

Penalties :
Brock McGinn (EDM) for Tripping (Minor) at 2:24, Dustin Byfuglien (CAR) for Hooking (Minor) at 5:48, Ryan Getzlaf (EDM) for Holding (Minor) at 12:27

Overtime #1

No Goal

Penalties :
No Penalty

Shootout

Penalty Shot by Aleksander Barkov for Oilers - Stopped by Frederik Andersen
Penalty Shot by Bryan Little for Hurricanes - Stopped by Martin Jones
Penalty Shot by Brad Marchand for Oilers - Stopped by Frederik Andersen
Penalty Shot by Nick Foligno for Hurricanes - Goal!
Penalty Shot by Ryan Getzlaf for Oilers - Stopped by Frederik Andersen

Penalties :
No Penalty

Goalie Stats

Martin Jones (EDM), 30 saves from 32 shots - (0.938), OTL, 14-4-2, 65:00 minutes
Frederik Andersen (CAR), 29 saves from 31 shots - (0.935), W, 15-6-3, 65:00 minutes

Players Stats for Oilers

Player Name              G  A  P  +/- PIM S  H  SB GA TA FO     MP     PP MP  PK MP  
------------------------------------------------------------------------------------
Aleksander Barkov        0  1  1   0  0   5  0  0  0  0  10/18  20:48   1:43   4:30 
Alex Petrovic            0  0  0   0  2   1  1  0  0  0  0/0    16:59   0:00   3:30 
Artem Anisimov           0  1  1   0  0   2  1  0  0  0  0/0    15:20   1:39   0:00 
Brad Marchand            0  0  0   0  0   3  0  0  0  0  1/2    18:14   1:43   0:00 
Brent Burns              0  0  0   0  0   2  1  3  0  0  0/0    22:57   1:24   1:29 
Brett Ritchie            0  0  0  -1  2   0  1  0  0  0  0/2     8:06   0:00   0:00 
Brock McGinn             0  0  0  -1  2   3  1  0  0  0  0/1     9:24   0:12   1:06 
Dominic Moore            0  0  0  -1  0   3  1  0  0  0  12/19  12:26   0:00   4:19 
Francois Beauchemin      0  0  0   0  0   1  2  2  0  0  0/0    21:54   1:24   2:14 
Jannik Hansen            0  0  0   0  0   0  2  1  0  0  1/1    15:29   0:00   4:19 
Justin Williams          0  0  0   0  2   1  0  0  0  0  1/1    15:40   0:00   0:00 
Marc-Edouard Vlasic      1  0  1  -1  0   1  0  3  0  0  0/0    21:57   1:58   4:11 
Martin Marincin          0  0  0   0  0   0  1  1  0  0  0/0    17:45   0:00   4:15 
Matthew Nieto            0  0  0   0  0   2  1  0  0  0  0/0    11:10   0:00   0:00 
Michael Grabner          1  0  1   0  0   3  1  0  0  0  0/1    14:32   1:27   0:00 
Ron Hainsey              0  0  0  -1  0   1  1  1  0  0  0/0    23:27   1:58   4:11 
Ryan Getzlaf             0  0  0   0  2   3  3  0  0  0  12/21  18:31   1:43   0:00 
Ryan Johansen            0  1  1   0  0   0  2  0  0  0  13/17  20:21   1:39   5:36 

Players Stats for Hurricanes

Player Name              G  A  P  +/- PIM S  H  SB GA TA FO     MP     PP MP  PK MP  
------------------------------------------------------------------------------------
Alex Chiasson            0  0  0   1  0   1  0  0  0  0  0/1     6:52   0:33   0:00 
Brad Richardson          0  0  0   0  0   5  0  0  0  0  0/1    13:27   0:00   1:27 
Brett Pesce              1  0  1   1  0   1  0  4  0  0  0/0    22:10   3:37   1:35 
Brian Dumoulin           0  1  1   1  0   0  0  1  0  0  0/0    19:01   0:33   2:27 
Brian Strait             0  0  0  -1  0   0  0  1  0  0  0/0    12:08   0:00   0:55 
Bryan Little             1  0  1   0  0   5  0  0  0  0  12/35  26:54   5:04   0:00 
Carl Hagelin             0  0  0   0  0   2  0  1  0  0  0/1    14:00   0:33   1:27 
Derek Ryan               0  0  0   0  0   2  0  0  0  0  5/14   16:50   4:33   0:00 
Dustin Byfuglien         0  1  1   1  4   2  6  1  0  0  0/0    28:08   6:18   0:00 
Keith Yandle             0  1  1   1  0   4  0  1  0  0  0/0    26:54   5:45   0:00 
Lee Stempniak            0  0  0   1  0   2  2  0  0  0  1/4    20:10   5:26   0:00 
Leo Komarov              0  0  0   1  0   1  2  0  0  0  12/19  18:58   0:18   1:52 
Marcus Foligno           0  0  0   1  0   0  0  0  0  0  0/0     5:39   0:00   0:00 
Michael Frolik           0  0  0  -1  0   0  1  0  0  0  1/3    19:24   3:56   0:03 
Nick Foligno             0  0  0  -1  0   1  2  0  0  0  2/4    20:41   3:56   0:00 
Patrick Wiercioch        0  0  0  -1  0   1  3  1  0  0  0/0    16:37   3:37   1:47 
Tom Pyatt                0  0  0   0  0   0  0  0  0  0  0/0     1:55   0:00   1:55 
Zach Parise              0  1  1   1  0   5  1  0  0  0  0/1    21:48   5:26   0:00 

3 Stars

1 - Brett Pesce (CAR)
2 - Martin Jones (EDM)
3 - Michael Grabner (EDM)

Power Play

Oilers - 1 on 2 Attempt(s) - 50.00%
Hurricanes - 0 on 5 Attempt(s) - 0.00%

Penalty Kill

Oilers - 5 on 5 Attempt(s) - 100.00% - Score 0 goal in Penalty Kill
Hurricanes - 1 on 2 Attempt(s) - 50.00% - Score 0 goal in Penalty Kill

Team Stat

Oilers - Hits : 19 - Faceoff Wins : 50 - Blocked Shots : 11 - Penalty Minutes : 10
Hurricanes - Hits : 17 - Faceoff Wins : 33 - Blocked Shots : 10 - Penalty Minutes : 4

Official

Referees : Brad Watson and Dan O'Rourke
Linesman : Devin Berg and Scott Cherrey

Game Notes

No Game Note

Finance

Level 1 -- Attendance: 4534 (75.57%) -- Ticket Income 535 012 $
Level 2 -- Attendance: 4656 (93.12%) -- Ticket Income 349 200 $
Level 3 -- Attendance: 3361 (96.03%) -- Ticket Income 161 328 $
Level 4 -- Attendance: 2850 (89.62%) -- Ticket Income 85 500 $
Luxury Box -- Attendance: 1000 (100.00%) -- Ticket Income 211 000 $
Game was played at the PNC Arena.
Total Attendance: 16401 (87.80%)
Total Ticket Income: 1 342 040 $
Other Income: 201 306 $
Total Income: 1 543 346 $

% Time on Ice - Oilers

Lines # - Real PCT - Wanted PCT - Time Play
Normal Forward
1 - 31% - 33% - 14:21
2 - 28% - 29% - 13:05
3 - 24% - 26% - 11:10
4 - 17% - 12% - 8:07
Normal Defense
1 - 37% - 37% - 17:25
2 - 34% - 33% - 15:48
3 - 29% - 30% - 13:30
4 - 0% - 0% - 0:00
PP Forward
1 - 51% - 60% - 1:43
2 - 49% - 40% - 1:39
PP Defense
1 - 42% - 60% - 1:24
2 - 58% - 40% - 1:58
PK Forward
1 - 44% - 50% - 4:19
2 - 56% - 50% - 5:36
PK Defense
1 - 50% - 50% - 4:59
2 - 50% - 50% - 4:56
PK3 Forward
1 - 0% - 50%
2 - 0% - 50%
PK3 Defense
1 - 0% - 50%
2 - 0% - 50%
44 Forward
1 - 0% - 50%
2 - 0% - 50%
44 Defense
1 - 0% - 50%
2 - 0% - 50%
Last Minute Offensive  - 0:00
Last Minute Defensive  - 0:00
Total
Forward - 60:00
Defense - 60:00

% Time on Ice - Hurricanes

Lines # - Real PCT - Wanted PCT - Time Play
Normal Forward
1 - 31% - 40% - 14:20
2 - 32% - 30% - 14:44
3 - 26% - 20% - 12:00
4 - 12% - 10% - 5:39
Normal Defense
1 - 37% - 36% - 17:29
2 - 34% - 32% - 16:01
3 - 24% - 22% - 11:13
4 - 4% - 10% - 2:00
PP Forward
1 - 55% - 56% - 5:26
2 - 45% - 44% - 4:29
PP Defense
1 - 64% - 57% - 6:18
2 - 36% - 43% - 3:37
PK Forward
1 - 57% - 56% - 1:55
2 - 43% - 44% - 1:27
PK Defense
1 - 27% - 56% - 0:54
2 - 73% - 44% - 2:28
PK3 Forward
1 - 0% - 55%
2 - 0% - 45%
PK3 Defense
1 - 0% - 52%
2 - 0% - 48%
44 Forward
1 - 0% - 52%
2 - 0% - 48%
44 Defense
1 - 0% - 53%
2 - 0% - 47%
Last Minute Offensive  - 0:00
Last Minute Defensive  - 0:00
Total
Forward - 60:00
Defense - 60:00

Play by Play

1st period


0:01 of 1st period - Ryan Getzlaf wins face-off versus Bryan Little in neutral zone.
0:34 of 1st period - Shot by Brad Marchand.
0:34 of 1st period - Shot Misses the Net.
0:42 of 1st period - Ryan Getzlaf is hit by Michael Frolik and loses puck.
1:25 of 1st period - Shot by Michael Grabner.
1:25 of 1st period - Stopped by Frederik Andersen without a rebound.
1:26 of 1st period - Ryan Johansen wins face-off versus Derek Ryan in Hurricanes zone.
1:26 of 1st period - Ryan Johansen is hit by Patrick Wiercioch.
2:21 of 1st period - Shot by Bryan Little.
2:21 of 1st period - Goal by Bryan Little - Oilers : 0 - Hurricanes : 1.
2:22 of 1st period - Aleksander Barkov wins face-off versus Leo Komarov in neutral zone.
2:51 of 1st period - Shot by Brett Pesce.
2:51 of 1st period - Goal by Brett Pesce - Oilers : 0 - Hurricanes : 2.
2:52 of 1st period - Dominic Moore wins face-off versus Bryan Little in neutral zone.
3:34 of 1st period - Bryan Little is hit by Francois Beauchemin and loses puck.
3:57 of 1st period - Shot by Brad Marchand.
3:57 of 1st period - Shot Blocked by Patrick Wiercioch.
4:41 of 1st period - Lee Stempniak is hit by Jannik Hansen and loses puck.
4:48 of 1st period - Matthew Nieto is hit by Lee Stempniak and loses puck.
5:03 of 1st period - Lee Stempniak is hit by Jannik Hansen and loses puck.
6:16 of 1st period - Shot by Carl Hagelin.
6:16 of 1st period - Stopped by Martin Jones without a rebound.
6:17 of 1st period - Ryan Getzlaf wins face-off versus Derek Ryan in Oilers zone.
6:36 of 1st period - Shot by Ryan Getzlaf.
6:36 of 1st period - Shot Misses the Net.
6:49 of 1st period - Off-side.
6:50 of 1st period - Leo Komarov wins face-off versus Brett Ritchie in neutral zone.
6:50 of 1st period - Lee Stempniak is hit by Brett Ritchie and loses puck.
6:51 of 1st period - Minor Penalty to Brett Ritchie for Slashing.
6:52 of 1st period - Aleksander Barkov wins face-off versus Bryan Little in Oilers zone.
7:01 of 1st period - Shot by Dominic Moore.
7:01 of 1st period - Shot Misses the Net.
7:17 of 1st period - Shot by Zach Parise.
7:17 of 1st period - Shot Misses the Net.
7:19 of 1st period - Shot by Dustin Byfuglien.
7:19 of 1st period - Shot Misses the Net.
7:21 of 1st period - Shot by Dustin Byfuglien.
7:21 of 1st period - Shot Misses the Net.
7:23 of 1st period - Shot by Dustin Byfuglien.
7:23 of 1st period - Shot Misses the Net.
7:25 of 1st period - Shot by Keith Yandle.
7:25 of 1st period - Stopped by Martin Jones with a rebound.
7:27 of 1st period - Shot by Keith Yandle.
7:27 of 1st period - Stopped by Martin Jones without a rebound.
7:28 of 1st period - Derek Ryan wins face-off versus Aleksander Barkov in Oilers zone.
8:14 of 1st period - Shot by Zach Parise.
8:14 of 1st period - Stopped by Martin Jones with a rebound.
8:16 of 1st period - Shot by Lee Stempniak.
8:16 of 1st period - Stopped by Martin Jones with a rebound.
8:18 of 1st period - Shot by Keith Yandle.
8:18 of 1st period - Stopped by Martin Jones without a rebound.
8:19 of 1st period - Dominic Moore wins face-off versus Bryan Little in Oilers zone.
9:54 of 1st period - Shot by Brett Ritchie.
9:54 of 1st period - Deflect By Dominic Moore.
9:54 of 1st period - Stopped by Frederik Andersen without a rebound.
9:55 of 1st period - Aleksander Barkov wins face-off versus Michael Frolik in Hurricanes zone.
9:58 of 1st period - Shot by Michael Grabner.
9:58 of 1st period - Goal by Michael Grabner - Oilers : 1 - Hurricanes : 2.
9:59 of 1st period - Leo Komarov wins face-off versus Aleksander Barkov in neutral zone.
10:01 of 1st period - Zach Parise is hit by Artem Anisimov and loses puck.
10:08 of 1st period - Shot by Leo Komarov.
10:08 of 1st period - Shot Misses the Net.
10:15 of 1st period - Off-side.
10:16 of 1st period - Ryan Johansen wins face-off versus Bryan Little in neutral zone.
10:25 of 1st period - Shot by Matthew Nieto.
10:25 of 1st period - Stopped by Frederik Andersen without a rebound.
10:26 of 1st period - Aleksander Barkov wins face-off versus Bryan Little in Hurricanes zone.
10:31 of 1st period - Shot by Artem Anisimov.
10:31 of 1st period - Shot Misses the Net.
10:43 of 1st period - Shot by Aleksander Barkov.
10:43 of 1st period - Stopped by Frederik Andersen without a rebound.
10:44 of 1st period - Leo Komarov wins face-off versus Ryan Johansen in Hurricanes zone.
10:44 of 1st period - Leo Komarov is hit by Ryan Johansen.
11:09 of 1st period - Shot by Zach Parise.
11:09 of 1st period - Shot Blocked by Marc-Edouard Vlasic.
11:11 of 1st period - Shot by Leo Komarov.
11:11 of 1st period - Shot Misses the Net.
11:37 of 1st period - Icing by Marc-Edouard Vlasic.
11:38 of 1st period - Ryan Johansen wins face-off versus Derek Ryan in Oilers zone.
11:58 of 1st period - Shot by Derek Ryan.
11:58 of 1st period - Stopped by Martin Jones without a rebound.
11:59 of 1st period - Justin Williams wins face-off versus Nick Foligno in Oilers zone.
12:12 of 1st period - Shot by Justin Williams.
12:12 of 1st period - Shot Misses the Net.
12:14 of 1st period - Shot by Brent Burns.
12:14 of 1st period - Stopped by Frederik Andersen with a rebound.
12:46 of 1st period - Icing by Brent Burns.
12:47 of 1st period - Ryan Getzlaf wins face-off versus Lee Stempniak in Oilers zone.
12:55 of 1st period - Off-side.
12:56 of 1st period - Leo Komarov wins face-off versus Aleksander Barkov in neutral zone.
13:15 of 1st period - Shot by Michael Grabner.
13:15 of 1st period - Shot Misses the Net.
13:23 of 1st period - Artem Anisimov is hit by Zach Parise and loses puck.
15:02 of 1st period - Shot by Derek Ryan.
15:02 of 1st period - Shot Misses the Net.
15:04 of 1st period - Shot by Brad Richardson.
15:04 of 1st period - Shot Misses the Net.
15:16 of 1st period - Shot by Brad Richardson.
15:16 of 1st period - Stopped by Martin Jones without a rebound.
15:17 of 1st period - Bryan Little wins face-off versus Brad Marchand in Oilers zone.
15:40 of 1st period - Shot by Brad Marchand.
15:40 of 1st period - Stopped by Frederik Andersen without a rebound.
15:41 of 1st period - Aleksander Barkov wins face-off versus Leo Komarov in Hurricanes zone.
16:40 of 1st period - Shot by Ryan Getzlaf.
16:40 of 1st period - Stopped by Frederik Andersen with a rebound.
17:03 of 1st period - Brad Marchand is hit by Dustin Byfuglien and loses puck.
17:29 of 1st period - Dustin Byfuglien is hit by Ryan Johansen and loses puck.
17:35 of 1st period - Ryan Johansen is hit by Dustin Byfuglien and loses puck.
17:42 of 1st period - Shot by Matthew Nieto.
17:42 of 1st period - Stopped by Frederik Andersen without a rebound.
17:43 of 1st period - Bryan Little wins face-off versus Brett Ritchie in Hurricanes zone.
18:06 of 1st period - Shot by Dominic Moore.
18:06 of 1st period - Stopped by Frederik Andersen without a rebound.
18:07 of 1st period - Bryan Little wins face-off versus Aleksander Barkov in Hurricanes zone.
18:14 of 1st period - Shot by Dustin Byfuglien.
18:14 of 1st period - Shot Hit the Post.
18:16 of 1st period - Shot by Bryan Little.
18:16 of 1st period - Shot Misses the Net.
18:18 of 1st period - Shot by Alex Chiasson.
18:18 of 1st period - Stopped by Martin Jones without a rebound.
18:19 of 1st period - Ryan Getzlaf wins face-off versus Bryan Little in Oilers zone.
18:19 of 1st period - Justin Williams is hit by Nick Foligno and loses puck.
18:26 of 1st period - Shot by Michael Frolik.
18:26 of 1st period - Shot Misses the Net.
18:28 of 1st period - Shot by Brian Strait.
18:28 of 1st period - Shot Misses the Net.
18:30 of 1st period - Shot by Bryan Little.
18:30 of 1st period - Stopped by Martin Jones without a rebound.
18:30 of 1st period - Minor Penalty to Alex Petrovic for Hooking.
18:31 of 1st period - Dominic Moore wins face-off versus Derek Ryan in Oilers zone.
19:04 of 1st period - Shot by Dustin Byfuglien.
19:04 of 1st period - Shot Blocked by Martin Marincin.
Goals for this period are 1 for Oilers vs 2 for Hurricanes.
Shots for this period are 10 for Oilers vs 12 for Hurricanes.

2nd period


0:01 of 2nd period - Jannik Hansen wins face-off versus Bryan Little in neutral zone.
0:38 of 2nd period - Derek Ryan is hit by Alex Petrovic.
0:49 of 2nd period - Brad Richardson is hit by Martin Marincin and loses puck.
0:52 of 2nd period - Shot by Brad Richardson.
0:52 of 2nd period - Stopped by Martin Jones without a rebound.
0:53 of 2nd period - Dominic Moore wins face-off versus Bryan Little in Oilers zone.
1:06 of 2nd period - Shot by Bryan Little.
1:06 of 2nd period - Stopped by Martin Jones without a rebound.
1:07 of 2nd period - Leo Komarov wins face-off versus Aleksander Barkov in Oilers zone.
1:25 of 2nd period - Michael Grabner is hit by Dustin Byfuglien and loses puck.
1:28 of 2nd period - Shot by Michael Grabner.
1:28 of 2nd period - Stopped by Frederik Andersen without a rebound.
1:29 of 2nd period - Ryan Getzlaf wins face-off versus Bryan Little in Hurricanes zone.
1:30 of 2nd period - Shot by Brad Marchand.
1:30 of 2nd period - Shot Blocked by Brett Pesce.
1:33 of 2nd period - Icing by Brian Dumoulin.
1:34 of 2nd period - Brad Marchand wins face-off versus Bryan Little in Hurricanes zone.
2:00 of 2nd period - Icing by Ryan Getzlaf.
2:01 of 2nd period - Leo Komarov wins face-off versus Ryan Getzlaf in Oilers zone.
3:16 of 2nd period - Icing by Brian Strait.
3:17 of 2nd period - Ryan Johansen wins face-off versus Bryan Little in Hurricanes zone.
3:24 of 2nd period - Patrick Wiercioch is hit by Matthew Nieto and loses puck.
3:32 of 2nd period - Off-side.
3:33 of 2nd period - Dominic Moore wins face-off versus Derek Ryan in neutral zone.
4:04 of 2nd period - Shot by Brett Ritchie.
4:04 of 2nd period - Deflect By Brock McGinn.
4:04 of 2nd period - Shot Blocked by Brian Dumoulin.
4:17 of 2nd period - Icing by Ron Hainsey.
4:18 of 2nd period - Dominic Moore wins face-off versus Bryan Little in Oilers zone.
5:17 of 2nd period - Artem Anisimov is hit by Lee Stempniak and loses puck.
5:47 of 2nd period - Lee Stempniak is hit by Francois Beauchemin.
6:04 of 2nd period - Shot by Derek Ryan.
6:04 of 2nd period - Deflect By Carl Hagelin.
6:04 of 2nd period - Stopped by Martin Jones with a rebound.
6:06 of 2nd period - Shot by Carl Hagelin.
6:06 of 2nd period - Shot Misses the Net.
6:08 of 2nd period - Shot by Brett Pesce.
6:08 of 2nd period - Shot Blocked by Jannik Hansen.
6:27 of 2nd period - Carl Hagelin is hit by Brent Burns and loses puck.
6:52 of 2nd period - Shot by Brad Marchand.
6:52 of 2nd period - Shot Misses the Net.
7:02 of 2nd period - Shot by Dustin Byfuglien.
7:02 of 2nd period - Stopped by Martin Jones without a rebound.
7:03 of 2nd period - Dominic Moore wins face-off versus Leo Komarov in Oilers zone.
7:22 of 2nd period - Lee Stempniak is hit by Brock McGinn and loses puck.
7:40 of 2nd period - Icing by Patrick Wiercioch.
7:41 of 2nd period - Ryan Getzlaf wins face-off versus Leo Komarov in Hurricanes zone.
8:02 of 2nd period - Minor Penalty to Justin Williams for Roughing.
8:03 of 2nd period - Derek Ryan wins face-off versus Aleksander Barkov in Oilers zone.
8:26 of 2nd period - Shot by Nick Foligno.
8:26 of 2nd period - Stopped by Martin Jones without a rebound.
8:27 of 2nd period - Derek Ryan wins face-off versus Dominic Moore in Oilers zone.
8:34 of 2nd period - Shot by Nick Foligno.
8:34 of 2nd period - Shot Misses the Net.
8:36 of 2nd period - Shot by Dustin Byfuglien.
8:36 of 2nd period - Stopped by Martin Jones without a rebound.
8:37 of 2nd period - Dominic Moore wins face-off versus Bryan Little in Oilers zone.
8:45 of 2nd period - Icing by Zach Parise.
8:46 of 2nd period - Dominic Moore wins face-off versus Bryan Little in Hurricanes zone.
8:55 of 2nd period - Shot by Dustin Byfuglien.
8:55 of 2nd period - Shot Misses the Net.
8:57 of 2nd period - Shot by Keith Yandle.
8:57 of 2nd period - Shot Misses the Net.
8:59 of 2nd period - Shot by Keith Yandle.
8:59 of 2nd period - Stopped by Martin Jones without a rebound.
9:00 of 2nd period - Derek Ryan wins face-off versus Aleksander Barkov in Oilers zone.
9:24 of 2nd period - Shot by Michael Frolik.
9:24 of 2nd period - Shot Misses the Net.
9:26 of 2nd period - Shot by Patrick Wiercioch.
9:26 of 2nd period - Stopped by Martin Jones without a rebound.
9:27 of 2nd period - Dominic Moore wins face-off versus Bryan Little in Oilers zone.
11:01 of 2nd period - Shot by Justin Williams.
11:01 of 2nd period - Stopped by Frederik Andersen without a rebound.
11:02 of 2nd period - Aleksander Barkov wins face-off versus Bryan Little in Hurricanes zone.
11:16 of 2nd period - Icing by Dustin Byfuglien.
11:17 of 2nd period - Ryan Getzlaf wins face-off versus Nick Foligno in Hurricanes zone.
11:23 of 2nd period - Icing by Keith Yandle.
11:24 of 2nd period - Aleksander Barkov wins face-off versus Bryan Little in Hurricanes zone.
11:29 of 2nd period - Shot by Artem Anisimov.
11:29 of 2nd period - Stopped by Frederik Andersen without a rebound.
11:30 of 2nd period - Aleksander Barkov wins face-off versus Lee Stempniak in Hurricanes zone.
11:53 of 2nd period - Shot by Aleksander Barkov.
11:53 of 2nd period - Stopped by Frederik Andersen without a rebound.
11:54 of 2nd period - Michael Frolik wins face-off versus Ryan Getzlaf in Hurricanes zone.
12:30 of 2nd period - Off-side.
12:31 of 2nd period - Leo Komarov wins face-off versus Aleksander Barkov in neutral zone.
12:38 of 2nd period - Shot by Lee Stempniak.
12:38 of 2nd period - Stopped by Martin Jones without a rebound.
12:39 of 2nd period - Ryan Johansen wins face-off versus Zach Parise in Oilers zone.
12:43 of 2nd period - Jannik Hansen is hit by Dustin Byfuglien.
12:53 of 2nd period - Shot by Brent Burns.
12:53 of 2nd period - Stopped by Frederik Andersen with a rebound.
12:55 of 2nd period - Shot by Matthew Nieto.
12:55 of 2nd period - Shot Misses the Net.
13:17 of 2nd period - Shot by Jannik Hansen.
13:17 of 2nd period - Shot Hit the Post.
13:19 of 2nd period - Shot by Matthew Nieto.
13:19 of 2nd period - Shot Hit the Post.
14:45 of 2nd period - Shot by Brad Richardson.
14:45 of 2nd period - Stopped by Martin Jones without a rebound.
14:46 of 2nd period - Bryan Little wins face-off versus Dominic Moore in Oilers zone.
15:04 of 2nd period - Icing by Keith Yandle.
15:05 of 2nd period - Ryan Getzlaf wins face-off versus Bryan Little in Hurricanes zone.
15:05 of 2nd period - Brad Marchand is hit by Dustin Byfuglien and loses puck.
15:21 of 2nd period - Minor Penalty to Dustin Byfuglien for Holding.
15:22 of 2nd period - Aleksander Barkov wins face-off versus Leo Komarov in Hurricanes zone.
15:33 of 2nd period - Shot by Brad Marchand.
15:33 of 2nd period - Stopped by Frederik Andersen with a rebound.
16:19 of 2nd period - Shot by Michael Grabner.
16:19 of 2nd period - Shot Misses the Net.
16:21 of 2nd period - Shot by Ryan Johansen.
16:21 of 2nd period - Shot Misses the Net.
16:23 of 2nd period - Shot by Marc-Edouard Vlasic.
16:23 of 2nd period - Shot Blocked by Brett Pesce.
16:25 of 2nd period - Shot by Ron Hainsey.
16:25 of 2nd period - Stopped by Frederik Andersen without a rebound.
16:26 of 2nd period - Ryan Johansen wins face-off versus Brad Richardson in Hurricanes zone.
16:26 of 2nd period - Ryan Johansen is hit by Patrick Wiercioch.
16:44 of 2nd period - Shot by Marc-Edouard Vlasic.
16:44 of 2nd period - Goal by Marc-Edouard Vlasic - Oilers : 2 - Hurricanes : 2.
16:45 of 2nd period - Nick Foligno wins face-off versus Dominic Moore in neutral zone.
16:50 of 2nd period - Shot by Bryan Little.
16:50 of 2nd period - Stopped by Martin Jones without a rebound.
16:51 of 2nd period - Dominic Moore wins face-off versus Bryan Little in Oilers zone.
16:58 of 2nd period - Shot by Dominic Moore.
16:58 of 2nd period - Stopped by Frederik Andersen without a rebound.
16:59 of 2nd period - Bryan Little wins face-off versus Ryan Getzlaf in Hurricanes zone.
17:09 of 2nd period - Icing by Francois Beauchemin.
17:10 of 2nd period - Ryan Getzlaf wins face-off versus Leo Komarov in Oilers zone.
17:10 of 2nd period - Ryan Getzlaf is hit by Leo Komarov.
17:53 of 2nd period - Justin Williams is hit by Leo Komarov and loses puck.
18:26 of 2nd period - Shot by Aleksander Barkov.
18:26 of 2nd period - Stopped by Frederik Andersen with a rebound.
18:28 of 2nd period - Shot by Aleksander Barkov.
18:28 of 2nd period - Shot Misses the Net.
18:30 of 2nd period - Shot by Michael Grabner.
18:30 of 2nd period - Shot Blocked by Brett Pesce.
18:32 of 2nd period - Shot by Alex Petrovic.
18:32 of 2nd period - Stopped by Frederik Andersen without a rebound.
18:33 of 2nd period - Ryan Johansen wins face-off versus Derek Ryan in Hurricanes zone.
18:36 of 2nd period - Shot by Jannik Hansen.
18:36 of 2nd period - Shot Blocked by Brian Strait.
18:44 of 2nd period - Shot by Carl Hagelin.
18:44 of 2nd period - Shot Misses the Net.
18:46 of 2nd period - Shot by Brian Strait.
18:46 of 2nd period - Shot Misses the Net.
18:48 of 2nd period - Shot by Carl Hagelin.
18:48 of 2nd period - Shot Misses the Net.
18:50 of 2nd period - Shot by Brad Richardson.
18:50 of 2nd period - Stopped by Martin Jones with a rebound.
18:52 of 2nd period - Shot by Brad Richardson.
18:52 of 2nd period - Stopped by Martin Jones without a rebound.
18:53 of 2nd period - Dominic Moore wins face-off versus Bryan Little in Oilers zone.
19:51 of 2nd period - Icing by Brett Pesce.
19:52 of 2nd period - Leo Komarov wins face-off versus Ryan Johansen in Hurricanes zone.
Goals for this period are 1 for Oilers vs 0 for Hurricanes.
Shots for this period are 11 for Oilers vs 13 for Hurricanes.

3rd period


0:01 of 3rd period - Bryan Little wins face-off versus Ryan Johansen in neutral zone.
0:10 of 3rd period - Shot by Bryan Little.
0:10 of 3rd period - Stopped by Martin Jones with a rebound.
2:24 of 3rd period - Minor Penalty to Brock McGinn for Tripping.
2:25 of 3rd period - Lee Stempniak wins face-off versus Dominic Moore in Oilers zone.
2:28 of 3rd period - Shot by Zach Parise.
2:28 of 3rd period - Stopped by Martin Jones without a rebound.
2:29 of 3rd period - Bryan Little wins face-off versus Dominic Moore in Oilers zone.
2:29 of 3rd period - Bryan Little is hit by Ron Hainsey.
2:43 of 3rd period - Brett Pesce is hit by Dominic Moore.
3:30 of 3rd period - Shot by Derek Ryan.
3:30 of 3rd period - Deflect By Nick Foligno.
3:30 of 3rd period - Shot Blocked by Ron Hainsey.
3:32 of 3rd period - Shot by Dustin Byfuglien.
3:32 of 3rd period - Shot Blocked by Marc-Edouard Vlasic.
4:57 of 3rd period - Icing by Francois Beauchemin.
4:58 of 3rd period - Ryan Getzlaf wins face-off versus Bryan Little in Oilers zone.
4:58 of 3rd period - Ryan Getzlaf is hit by Nick Foligno.
5:27 of 3rd period - Off-side.
5:28 of 3rd period - Leo Komarov wins face-off versus Dominic Moore in neutral zone.
5:45 of 3rd period - Shot by Brock McGinn.
5:45 of 3rd period - Stopped by Frederik Andersen without a rebound.
5:46 of 3rd period - Ryan Johansen wins face-off versus Derek Ryan in Hurricanes zone.
5:48 of 3rd period - Minor Penalty to Dustin Byfuglien for Hooking.
5:49 of 3rd period - Leo Komarov wins face-off versus Ryan Johansen in Hurricanes zone.
6:46 of 3rd period - Brian Dumoulin is hit by Ryan Getzlaf and loses puck.
6:52 of 3rd period - Ryan Getzlaf is hit by Patrick Wiercioch and loses puck.
7:26 of 3rd period - Shot by Brock McGinn.
7:26 of 3rd period - Stopped by Frederik Andersen with a rebound.
7:28 of 3rd period - Shot by Brock McGinn.
7:28 of 3rd period - Stopped by Frederik Andersen without a rebound.
7:29 of 3rd period - Ryan Getzlaf wins face-off versus Leo Komarov in Hurricanes zone.
7:30 of 3rd period - Shot by Aleksander Barkov.
7:30 of 3rd period - Stopped by Frederik Andersen without a rebound.
7:31 of 3rd period - Leo Komarov wins face-off versus Ryan Getzlaf in Hurricanes zone.
8:58 of 3rd period - Icing by Brent Burns.
8:59 of 3rd period - Ryan Johansen wins face-off versus Carl Hagelin in Oilers zone.
9:31 of 3rd period - Icing by Francois Beauchemin.
9:32 of 3rd period - Ryan Johansen wins face-off versus Lee Stempniak in Oilers zone.
10:19 of 3rd period - Shot by Artem Anisimov.
10:19 of 3rd period - Stopped by Frederik Andersen without a rebound.
10:20 of 3rd period - Bryan Little wins face-off versus Michael Grabner in Hurricanes zone.
10:45 of 3rd period - Shot by Aleksander Barkov.
10:45 of 3rd period - Stopped by Frederik Andersen with a rebound.
11:30 of 3rd period - Shot by Carl Hagelin.
11:30 of 3rd period - Shot Blocked by Marc-Edouard Vlasic.
12:27 of 3rd period - Minor Penalty to Ryan Getzlaf for Holding.
12:28 of 3rd period - Nick Foligno wins face-off versus Dominic Moore in Oilers zone.
13:07 of 3rd period - Shot by Zach Parise.
13:07 of 3rd period - Stopped by Martin Jones without a rebound.
13:08 of 3rd period - Bryan Little wins face-off versus Brock McGinn in Oilers zone.
14:18 of 3rd period - Shot by Brett Pesce.
14:18 of 3rd period - Shot Misses the Net.
14:20 of 3rd period - Shot by Brett Pesce.
14:20 of 3rd period - Shot Misses the Net.
14:22 of 3rd period - Shot by Patrick Wiercioch.
14:22 of 3rd period - Shot Misses the Net.
14:24 of 3rd period - Shot by Michael Frolik.
14:24 of 3rd period - Shot Blocked by Francois Beauchemin.
14:26 of 3rd period - Shot by Derek Ryan.
14:26 of 3rd period - Stopped by Martin Jones without a rebound.
14:27 of 3rd period - Ryan Getzlaf wins face-off versus Alex Chiasson in Oilers zone.
15:55 of 3rd period - Shot by Nick Foligno.
15:55 of 3rd period - Deflect By Michael Frolik.
15:55 of 3rd period - Shot Blocked by Brent Burns.
16:10 of 3rd period - Icing by Jannik Hansen.
16:11 of 3rd period - Ryan Johansen wins face-off versus Derek Ryan in Oilers zone.
16:57 of 3rd period - Brett Pesce is hit by Michael Grabner.
18:07 of 3rd period - Shot by Lee Stempniak.
18:07 of 3rd period - Shot Blocked by Brent Burns.
18:09 of 3rd period - Shot by Zach Parise.
18:09 of 3rd period - Stopped by Martin Jones without a rebound.
18:10 of 3rd period - Leo Komarov wins face-off versus Ryan Getzlaf in Oilers zone.
18:13 of 3rd period - Shot by Lee Stempniak.
18:13 of 3rd period - Shot Blocked by Brent Burns.
18:21 of 3rd period - Brian Strait is hit by Ryan Getzlaf and loses puck.
19:18 of 3rd period - Icing by Dustin Byfuglien.
19:19 of 3rd period - Aleksander Barkov wins face-off versus Bryan Little in Hurricanes zone.
19:19 of 3rd period - Aleksander Barkov is hit by Dustin Byfuglien.
19:49 of 3rd period - Shot by Artem Anisimov.
19:49 of 3rd period - Shot Blocked by Brett Pesce.
19:51 of 3rd period - Shot by Ron Hainsey.
19:51 of 3rd period - Shot Blocked by Carl Hagelin.
Goals for this period are 0 for Oilers vs 0 for Hurricanes.
Shots for this period are 6 for Oilers vs 5 for Hurricanes.

Overtime #1


0:01 of 1st overtime period - Bryan Little wins face-off versus Ryan Getzlaf in neutral zone.
0:08 of 1st overtime period - Shot by Brent Burns.
0:08 of 1st overtime period - Shot Blocked by Dustin Byfuglien.
0:34 of 1st overtime period - Shot by Ryan Getzlaf.
0:34 of 1st overtime period - Stopped by Frederik Andersen with a rebound.
1:04 of 1st overtime period - Shot by Francois Beauchemin.
1:04 of 1st overtime period - Shot Blocked by Keith Yandle.
1:06 of 1st overtime period - Shot by Ryan Johansen.
1:06 of 1st overtime period - Shot Misses the Net.
1:08 of 1st overtime period - Shot by Francois Beauchemin.
1:08 of 1st overtime period - Stopped by Frederik Andersen without a rebound.
1:09 of 1st overtime period - Ryan Johansen wins face-off versus Derek Ryan in Hurricanes zone.
2:10 of 1st overtime period - Shot by Brad Marchand.
2:10 of 1st overtime period - Stopped by Frederik Andersen without a rebound.
2:11 of 1st overtime period - Bryan Little wins face-off versus Ryan Getzlaf in Hurricanes zone.
2:11 of 1st overtime period - Bryan Little is hit by Ryan Getzlaf.
2:25 of 1st overtime period - Shot by Bryan Little.
2:25 of 1st overtime period - Shot Blocked by Francois Beauchemin.
2:31 of 1st overtime period - Shot by Ryan Getzlaf.
2:31 of 1st overtime period - Stopped by Frederik Andersen without a rebound.
2:32 of 1st overtime period - Ryan Johansen wins face-off versus Michael Frolik in Hurricanes zone.
2:59 of 1st overtime period - Shot by Brad Marchand.
2:59 of 1st overtime period - Shot Misses the Net.
3:28 of 1st overtime period - Icing by Keith Yandle.
3:29 of 1st overtime period - Bryan Little wins face-off versus Ryan Getzlaf in Hurricanes zone.
4:44 of 1st overtime period - Shot by Zach Parise.
4:44 of 1st overtime period - Shot Misses the Net.
4:46 of 1st overtime period - Shot by Leo Komarov.
4:46 of 1st overtime period - Stopped by Martin Jones with a rebound.
4:48 of 1st overtime period - Shot by Dustin Byfuglien.
4:48 of 1st overtime period - Shot Misses the Net.
4:50 of 1st overtime period - Shot by Leo Komarov.
4:50 of 1st overtime period - Shot Misses the Net.
4:52 of 1st overtime period - Shot by Zach Parise.
4:52 of 1st overtime period - Stopped by Martin Jones without a rebound.
4:53 of 1st overtime period - Derek Ryan wins face-off versus Ryan Getzlaf in Oilers zone.
Goals for this period are 0 for Oilers vs 0 for Hurricanes.
Shots for this period are 4 for Oilers vs 2 for Hurricanes.

ShootOut


5:00 of 1st overtime period - Penalty Shot by Aleksander Barkov for Oilers.
5:00 of 1st overtime period - Stopped by Frederik Andersen.
5:00 of 1st overtime period - Penalty Shot by Bryan Little for Hurricanes.
5:00 of 1st overtime period - Stopped by Martin Jones.
5:00 of 1st overtime period - Penalty Shot by Brad Marchand for Oilers.
5:00 of 1st overtime period - Stopped by Frederik Andersen.
5:00 of 1st overtime period - Penalty Shot by Nick Foligno for Hurricanes.
5:00 of 1st overtime period - Goal by Nick Foligno.
5:00 of 1st overtime period - Penalty Shot by Ryan Getzlaf for Oilers.
5:00 of 1st overtime period - Stopped by Frederik Andersen.